 Dungeon Crawl Stone Soup version 0.30-a0-1164-ge08a67761e (webtiles) character file.

Game seed: 18252414686104926731

140 mandoloar the Insei (level 5, -5/51 HPs)
             Began as an Octopode Transmuter on Apr 29, 2023.
             Killed by divine providence
             ... invoked by an orc priest
              (12 damage)
             ... on level 4 of the Dungeon.
             The game lasted 00:06:57 (3969 turns).

mandoloar the Insei (Octopode Transmuter)           Turns: 3969, Time: 00:06:58

Health: -5/51      AC: 22    Str: 10    XL:     5   Next: 22%
Magic:  6/8        EV:  2    Int: 17    God:
Gold:   232        SH:  5    Dex: 12    Spells: 2/9 levels left

rFire   . .          .
                       - Unarmed
rCold   . . .        (no shield)
rNeg    . . .        (helmet currently unavailable)
rPois   +            d - amulet of reflection
rElec   .            p - ring of see invisible
rCorr   .            (no ring)
SInv    +            (no ring)
Will    .....        (no ring)
Stlth   +            (no ring)
HPRegen 0.28/turn    (no ring)
MPRegen 0.11/turn    (no ring)
                     (no ring)

%: reflection
@: tree-form, wereblooded
A: stationary, stasis, torment immunity, boosted hp, almost no armour,
(amphibious), 8 rings, (camouflage 1), (gelatinous body 1), (nimble swimmer 1),
(tentacles)
a: no special abilities


You were on level 4 of the Dungeon.
You were a tree.
You visited 1 branch of the dungeon, and saw 4 of its levels.

You collected 232 gold pieces.

Inventory:

Hand Weapons
 a - a +0 dagger
 b - a +0 sling
Missiles
 j - 33 stones
 k - 9 poisoned darts
Jewellery
 d - an amulet of reflection (around neck)
 o - a ring of ice
 p - a ring of see invisible (left branch)
Scrolls
 g - a scroll of magic mapping
 i - a scroll of torment
Potions
 e - a potion of ambrosia
 f - a potion of heal wounds {unknown}
 n - a potion of might {unknown}
 q - 2 potions of haste {unknown}


   Skills:
 + Level 2.1 Fighting
 + Level 2.7 Dodging
 + Level 3.6 Unarmed Combat
 + Level 2.6 Spellcasting
 + Level 3.0 Transmutations
 + Level 0.9 Ice Magic


You had 2 spell levels left.
You knew the following spells:

 Your Spells              Type           Power      Damage    Failure   Level
a - Beastly Appendage     Tmut           24%        N/A       5%          1
b - Wereblood             Tmut           12%        N/A       9%          2
c - Ice Form              Ice/Tmut       8%         N/A       63%         4

Your spell library contained the following spells:

 Spells                   Type           Power      Damage    Failure   Level
 Sting                    Tmut/Pois      28%        1d4       10%         1
 Poisonous Vapours        Pois/Air       4%         N/A       28%         2
 Spider Form              Tmut/Pois      7%         N/A       30%         3
 Frozen Ramparts          Ice            10%        1d2       36%         3
 Summon Ice Beast         Ice/Summ       3%         N/A       83%         4
 Olgreb's Toxic Radiance  Pois           2%         N/A       88%         4


Dungeon Overview and Level Annotations

Branches:
Dungeon (4/15)
 Temple: D:4-7

Altars:


Innate Abilities, Weirdness & Mutations

You are a tree.
Your roots penetrate the ground, keeping you stationary.
You cannot be teleported.
You are immune to unholy pain and torment.
Your maximum health is greatly increased.
You cannot wear most types of armour.
((You are amphibious.))
You can wear up to eight rings at the same time.
((Your skin changes colour to match your surroundings (Stealth+).))
((Your rubbery body absorbs attacks. (AC +1, EV +1)))
((You are camouflaged when in or above water. (Stealth+)))
((You have tentacles for arms and can constrict up to eight enemies at once.))


Message History

The orc shouts! x2
The orc priest miscasts a cantrip.
You hit the orc priest but do no damage.
Your grab misses the orc priest.
You pierce the orc priest, but do no damage.
The orc priest mumbles some strange prayers to Beogh against you.
Beogh smites you!
The orc priest miscasts a cantrip.
Casting: Beastly Appendage (safe; 5% risk of failure)
Confirm with . or Enter, or press ? or * to list all spells.
Your blood is infused with primal strength.
The orc priest misses you.
The orc priest mumbles some strange prayers to Beogh against you.
Beogh smites you!
* * * LOW HITPOINT WARNING * * *
You are too injured to fight recklessly!
You hit the orc priest. You grab the orc priest.
You pierce the orc priest.
The orc priest is moderately wounded.
You constrict the orc priest, but do no damage.
The orc priest closely misses you.
You barely miss the orc priest.
You pierce the orc priest.
The orc priest is moderately wounded.
You constrict the orc priest, but do no damage.
The orc priest hits you with a +0 short sword.
* * * LOW HITPOINT WARNING * * *
Really quaff the potion of lignification?
Your tentacle spike disappears.
You turn into a tree.
Your roots penetrate the ground.
You lose your grip on the orc priest.
b - a +0 sling (weapon)
You shoot a sling bullet. The sling bullet barely misses the orc.
The sling bullet hits the orc priest but does no damage.
The orc priest is moderately wounded.
You are now empty-handed.
You block the orc's attack.
You hit the orc.
The orc is heavily wounded.
You block the orc's attack.
The orc priest calls down the wrath of Beogh upon you.
Beogh smites you!
You die...

,,****,.###* *,* ,,*
*,,...*####.# ,**
***,..,..##.# ,,*
**#.##.##.# *,**
#..#.##o#
#..#######.>#.##o#
*#.......##....#o#
#######.##.##.#o#
#.<..##.#♣######
*******####...........#*
,,,,,,***#.............#*
*****,,................!*
***##...............*
#...............*
#...............*
#...............*
##.............**


You could see 2 orc priests and 2 orcs.

Vanquished Creatures
  An orc wizard (D:3)
  4 adders
  3 dart slugs
  7 orcs (D:3)
  9 endoplasms
  5 giant cockroaches
  6 goblins
  3 hobgoblins
  2 jackals (D:3)
  3 quokkas
  6 bats
  4 frilled lizards
  6 kobolds
  3 rats (D:2)
62 creatures vanquished.

Notes
Turn   | Place    | Note
-------+----------+-------------------------------------------
     0 | D:1      | mandoloar the Octopode Transmuter began the quest for the
                  | Orb.
     0 | D:1      | Reached XP level 1. HP: 13/13 MP: 3/3
   381 | D:1      | Reached XP level 2. HP: 18/18 MP: 3/5
   384 | D:1      | Learned a level 2 spell: Wereblood
  1341 | D:2      | Reached XP level 3. HP: 19/23 MP: 4/6
  2017 | D:2      | Reached XP level 4. HP: 29/29 MP: 5/7
  2060 | D:2      | Learned a level 4 spell: Ice Form
  3271 | D:3      | Reached XP level 5. HP: 26/34 MP: 5/8
  3969 | D:4      | Killed from afar by an orc priest

Illustrated notes

Levels and vault maps discovered:
D:1:      dpeg_arrival_erosion, layout_basic
D:2:      layout_loops_corners
D:3:      minmay_evil_eye, layout_basic
D:4:      layout_rooms, ebering_ghost_sewer_d, nzn_random_ring, uniq_natasha

Skill      XL: |  1  2  3  4  5 |
---------------+----------------+-----
Fighting       | 2 |  2.1
Transmutations | 3 |  3.0
Dodging        | |  2.7
Unarmed Combat | |  3.6
Spellcasting   | |  2.6
Ice Magic      | |  0.9

Action                     |  1- 3 |  4- 6 || total
---------------------------+-------+-------++-------
  Melee: Unarmed           |    10 |     1 ||    11
         Kick              |    20 |    31 ||    51
         Constrict         |    20 |    20 ||    40
         Dagger            |    50 |    65 ||   115
         Tentacles         |    11 |     7 ||    18
         Punch             |     1 |     1 ||     2
   Fire: Sling             |       |     1 ||     1
   Cast: Beastly Appendage |    36 |    20 ||    56
         Wereblood         |     3 |     3 ||     6
    Use: Scroll            |       |     7 ||     7
         Potion            |       |     1 ||     1
   Stab: Sleeping          |     9 |     5 ||    14
 Armour: Skin              |     5 |     4 ||     9
  Dodge: Dodged            |    20 |    25 ||    45
  Block: Other             |     2 |    10 ||    12

Table legend: (Time is in decaauts)
 A = Elapsed time spent in this place.
 B = Non-inter-level travel time spent in this place.
 C = Inter-level travel time spent in this place.
 D = Time resting spent in this place.
 E = Time spent auto-exploring this place.
 F = Levels seen in this place.
 G = Mean time per level.
                   A        B        C        D        E       F      G
               +--------+--------+--------+--------+--------+-----+--------+
         Total |   3969 |   3626 |    343 |    598 |   2477 |   4 |  992.2 |
       Dungeon |   3969 |   3626 |    343 |    598 |   2477 |   4 |  992.2 |
               +--------+--------+--------+--------+--------+-----+--------+

Top non-repeatable levels by time:
     D:1: 1317 daAuts
     D:2: 1198 daAuts
     D:3: 1150 daAuts
     D:4: 302 daAuts
